 Dungeon Crawl Stone Soup version 0.14-a0-2327-g5ff15cf (webtiles) character file.

459 Jenx the Cudgeler (level 6, 0/37 HPs)
             Began as a Gargoyle Berserker on Jan 29, 2014.
             Was an Elder of Trog.
             Slain by a giant frog (4 damage)
             ... in a sewer.
             The game lasted 00:09:03 (2845 turns).

Jenx the Cudgeler (Gargoyle Berserker)              Turns: 2845, Time: 00:09:03

HP   0/37        AC  8     Str 20      XL: 6   Next: 55%
MP   6/6         EV 12     Int  8      God: Trog [****..]
Gold 120         SH  0     Dex 11      Spells:  0 memorised,  5 levels left

rFire  . . .     SeeInvis .     a - +0 mace
rCold  . . .     Clarity  .     t - +0 robe
rNeg   + . .     Conserve .     (no shield)
rPois  +         rCorr    .     (no helmet)
rElec  +         rRot     +     (no cloak)
SustAb . .       Spirit   .     p - +1 pair of gloves
rMut   .         Warding  .     (no boots)
Saprov . . .     Stasis   .     (no amulet)
MR     ++...                    (no ring)
                                (no ring)

@: regenerating, very resistant to hostile enchantments, very unstealthy
A: life protection 1, electricity resistance, unbreathing, petrification
resistance, AC +4
a: Burn Spellbooks, Berserk, Trog's Hand, Brothers in Arms, Renounce Religion


You were in a sewer.
You worshipped Trog.
Trog was greatly pleased with you.
You were not hungry.

You visited 1 branch of the dungeon, and saw 3 of its levels.
You also visited: Sewer.

You collected 120 gold pieces.

Inventory:

Hand weapons
 a - a +0,+0 mace (weapon)
Missiles
 n - 7 javelins (quivered)
Armour
 p - a +1 pair of gloves (worn)
 t - a +0 robe (worn)
Magical devices
 e - a wand of random effects (11) {unknown}
 w - a wand of frost (19)
Comestibles
 c - 2 bread rations
 u - a meat ration
 z - a rotting chunk of adder flesh
 A - a rotting chunk of rat flesh
 B - a rotting chunk of giant newt flesh
Scrolls
 d - 2 scrolls of identify
 g - 3 scrolls of enchant weapon I
 k - a scroll of fog {unknown}
 m - a scroll of random uselessness {unknown}
 q - 2 scrolls of enchant weapon II
 r - 2 scrolls of fear {unknown}
 x - 2 scrolls of magic mapping {unknown}
Potions
 b - 2 potions of cure mutation {unknown}
 f - a potion of invisibility {unknown}
 h - 2 potions of restore abilities {unknown}
 i - a potion of agility {unknown}
 j - 2 potions of curing
 l - 3 potions of might {unknown}
 o - 2 potions of flight {unknown}
 s - 3 potions of porridge
 v - a potion of poison {unknown}
 D - 4 potions of speed {unknown}
 E - a potion of heal wounds {unknown}


   Skills:
 - Level 3.2 Fighting
 * Level 7.3 Maces & Flails
 - Level 2.1 Throwing
 - Level 2.1 Armour
 - Level 1.5 Dodging


You had 5 spell levels left.
You didn't know any spells.

Dungeon Overview and Level Annotations

Branches:
Dungeon (3/16)

Altars:
Dithmengos
Nemelex Xobeh
Vehumet


Innate Abilities, Weirdness & Mutations

You are resistant to torment.
You are immune to poison.
Your stone body is very resilient (AC +4).
You resist negative energy.
You are resistant to electric shocks.
You can survive without breathing.
You are immune to petrification.


Message History

The ball python bites you. The ball python closely misses you.
The giant frog hits you. The adder completely misses you.
The adder closely misses you. The giant frog hits you.
The giant frog misses you. The giant frog hits you. The adder bites you.
* * * LOW HITPOINT WARNING * * *
The giant frog barely misses you.
The giant frog hits you but does no damage.
The adder closely misses you. The adder bites you but does no damage.
The giant frog hits you.
* * * LOW HITPOINT WARNING * * *
The giant frog hits you.
* * * LOW HITPOINT WARNING * * *
The adder closely misses you. The giant frog barely misses you.
The giant frog hits you but does no damage.
The adder barely misses you. The giant frog closely misses you.
Use which ability? (? or * to list)
Your skin crawls.
You feel resistant to hostile enchantments.
You feel slightly more hungry. The giant frog hits you.
You die...

#......#
#....
#≈≈≈≈≈≈#
#≈≈≈≈
#≈≈%≈≈≈#
#≈≈≈≈
#≈≈≈≈≈≈#
#≈≈≈≈
#≈≈≈≈≈≈#
#≈≈≈≈
#≈≈≈≈≈≈#
#≈≈≈≈
#SS≈≈≈≈#
#≈≈≈≈
#FFS≈≈≈#
#≈≈≈≈
#≈@≈≈≈≈#
#≈≈≈.
#≈≈≈≈≈≈#
#≈...
#≈≈≈≈≈≈#
#....
#≈≈≈≈≈≈#
#≈...
#≈≈≈≈≈≈#
#≈≈≈≈
#≈≈≈≈≈≈#
#≈≈≈≈
#≈≈≈≈≈≈#
#≈≈≈≈
#≈≈≈≈≈≈#
#≈≈≈≈
#≈≈≈≈≈≈#####
#≈≈≈≈


You could see 2 giant frogs, 2 adders and a ball python.

Vanquished Creatures
  An ice beast (D:3)
  Jessica (D:3)
  4 green rats
  A giant mite (D:3)
  7 adders
  A worm (D:2)
  3 giant geckos (D:2)
  An ooze (D:1)
  14 ball pythons
  8 bats
  3 giant cockroaches
  9 goblins
  12 grey rats (Sewer)
  5 hobgoblins
  4 kobolds
  3 quokkas (D:2)
  3 giant newts
  3 jackals (D:3)
  22 rats
105 creatures vanquished.

Notes
Turn   | Place    | Note
--------------------------------------------------------------
     0 | D:1      | Jenx, the Gargoyle Berserker, began the quest for the Orb.
     0 | D:1      | Reached XP level 1. HP: 14/14 MP: 1/1
   103 | D:1      | Reached XP level 2. HP: 14/19 MP: 2/2
   156 | D:1      | Reached skill level 4 in Maces & Flails
   171 | D:1      | Found a sparkling altar of Nemelex Xobeh.
   551 | D:1      | Acquired Trog's second power
   672 | D:2      | Reached XP level 3. HP: 19/23 MP: 3/3
   720 | D:2      | Found a shadowy altar of Dithmengos.
   887 | D:2      | Reached skill level 5 in Maces & Flails
   941 | D:2      | Found a radiant altar of Vehumet.
   973 | D:2      | Reached XP level 4. HP: 12/28 MP: 4/4
  1558 | D:3      | Noticed Jessica
  1569 | D:3      | Killed Jessica
  1763 | D:3      | Noticed an ice beast
  1783 | D:3      | Killed an ice beast
  1783 | D:3      | Reached skill level 6 in Maces & Flails
  1783 | D:3      | Reached skill level 1 in Throwing
  1783 | D:3      | Reached XP level 5. HP: 20/32 MP: 5/5
  1902 | D:3      | Found a glowing drain.
  1926 | Sewer    | Entered a sewer
  2077 | Sewer    | Reached XP level 6. HP: 24/37 MP: 6/6
  2238 | Sewer    | Acquired Trog's third power
  2542 | Sewer    | Reached skill level 7 in Maces & Flails
  2845 | Sewer    | Slain by a giant frog

Action                   |  1- 3 |  4- 6 || total
-------------------------+-------+-------++-------
Melee: Mace              |   120 |   216 ||   336
Throw: Javelin           |       |    12 ||    12
Invok: Berserk           |       |     3 ||     3
       Trog's Hand       |       |     1 ||     1
  Use: Scroll            |       |     2 ||     2
       Potion            |       |     1 ||     1
 Stab: Sleeping          |     1 |       ||     1
